 Dungeon Sprint DCSS version 0.31-a0-435-g2c6fae2916 (webtiles) character file.

Game seed: 2181555901382391728

1069 rocky1 the Grappler (level 8, -39/68 HPs)
             Began as a White Draconian Shapeshifter on Aug 2, 2023.
             Was an Initiate of Gozag.
             Annihilated by a komodo dragon (82 damage)
             ... in the Dungeon (Sprint VII: "The Pits").
             The game lasted 00:01:50 (1662 turns).

rocky1 the Grappler (White Draconian Shapeshifter)  Turns: 1662, Time: 00:01:51

Health: -39/68     AC:  6    Str: 17    XL:     8   Next: 7%
Magic:  8/8        EV:  2    Int: 11    God:    Gozag
Gold:   1350       SH:  0    Dex: 12    Spells: 7/7 levels left

rFire   . .          .
                       - Unarmed
rCold   + . .        (no shield)
rNeg    . . .        (body armour unavailable)
rPois   .            (helmet currently unavailable)
rElec   .            (cloak currently unavailable)
rCorr   .            (gloves currently unavailable)
SInv    .            (boots currently unavailable)
Will    .....        (no amulet)
Stlth   ++           (no ring)
HPRegen 0.31/turn    (no ring)
MPRegen 0.11/turn

%: no teleportation
@: short of breath, beast-form, sleeping, gold aura
A: beast (slay +6), breathe frost, AC +6, unfitting armour, cold resistance 1,
cold-blooded
a: Breathe Frost, Begin Untransformation, Renounce Religion, Potion Petition,
Call Merchant, Bribe Branch


You were in the Dungeon.
You worshipped Gozag.
Gozag was most pleased with you.
You were a hulking beast.
You visited 1 branch You collected 1350 gold pieces.

Inventory:

Talismans
 b - a beast talisman (active)
Scrolls
 h - a scroll of blinking
 j - 5 scrolls of amnesia
 k - a scroll of summoning
Potions
 a - a potion of lignification
 c - 5 potions of curing
 d - 5 potions of heal wounds
 e - a potion of haste
 f - 4 potions of magic
 g - 2 potions of berserk rage
 i - 2 potions of invisibility


   Skills:
 + Level 5.1 Fighting
 + Level 7.0 Dodging
 + Level 2.6 Stealth
 + Level 12.2 Unarmed Combat
 + Level 8.5 Shapeshifting


You had 7 spell levels left.
You didn't know any spells.
Your spell library was empty.

Dungeon Overview and Level Annotations

Branches:
Dungeon (1/1)

Altars:
Ashenzari
Cheibriados
Dithmenos
Elyvilon
Fedhas
Gozag
Hepliaklqana
Kikubaaqudgha
Makhleb
Nemelex Xobeh
Okawaru
Qazlal
Ru
Sif Muna
Trog
Uskayaw
Vehumet
Wu Jian
Xom
Yredelemnul
Zin
The Shining One
Jiyva
Lugonu


Innate Abilities, Weirdness & Mutations

You are a hulking beast.
Your limbs bulge with bestial killing power. (Slay +6)
You can breathe waves of freezing cold which knock back foes.
Your icy white scales are hard. (AC +6)
You cannot fit into any form of body armour.
Your flesh is cold resistant. (rC+)
You are cold-blooded and may be slowed by cold attacks.


Message History

Your Stealth skill increases to level 2!
Unknown command.
You pummel the dream sheep!!
The dream sheep is almost dead.
You punch the dream sheep!
You kill the dream sheep!
Your Fighting skill increases to level 5!
Your Dodging skill increases to level 7!
Your Unarmed Combat skill increases to level 12!
You have reached level 8!
You feel clever.
Aiming: Breathe Frost (4% risk of failure)
Press: ? - help, Shift-Dir - straight line, f - komodo dragon
Aim: a komodo dragon (77% to hit)
You exhale a wave of freezing cold.
The freezing breath hits the komodo dragon!
The komodo dragon is lightly wounded.
The freezing breath hits the dream sheep!
The dream sheep is moderately wounded.
The dream sheep is knocked back by the freezing wind.
The freezing breath hits the dream sheep!
The dream sheep is almost dead.
The dream sheep is knocked back by the freezing wind.
The dream sheep is distracted by your dazzling golden aura.
The komodo dragon closely misses you.
You barely miss the komodo dragon.
The komodo dragon is lightly wounded.
The komodo dragon bites you!!
You pummel the komodo dragon!! You tail-slap the komodo dragon!
The komodo dragon is almost dead.
The komodo dragon misses you.
You hit the komodo dragon.
The komodo dragon is almost dead.
The dream sheep shake their wool and sparkle.
You feel drowsy...
You fall asleep.
The dream sheep is no longer distracted by gold.
The komodo dragon bites you!!!!
Ouch! That really hurt!
You die...
Your body crumbles into a pile of gold.

#.#..####))##.......#
#.#..#..#))##.......#
#)#..#.)#[[##.......#
#)##'#.)#'###...<...#
#.#..).....##.......#
#)#........##.......#
#'###########.......#
#.......#..##########
#.......#h# ###
#...#...#l# .O.#
#.)###..#'#....#
#...#...#.Y.Y..+
#.......#Y#lY..#
#.......'.#....#
########### ####


You could see a komodo dragon and 2 dream sheep.

Vanquished Creatures
  A troll (D)
  2 dream sheep (D)
  Edmund (D)
  A floating eye (D)
  A scorpion (D)
  2 wights (D)
  A crimson imp (D)
  A hound (D)
  An orc wizard (D)
  2 gnolls (D)
  An adder skeleton (D)
  2 orcs (D)
  A ball python (D)
  2 bats (D)
  An endoplasm (D)
  2 goblins (D)
  A hobgoblin (D)
  2 quokkas (D)
  A frilled lizard (D)
26 creatures vanquished.

Notes
Turn   | Place    | Note
-------+----------+-------------------------------------------
     0 | D        | rocky1 the Draconian Shapeshifter began the quest for the
                  | Orb.
     0 | D        | Reached XP level 1. HP: 16/16 MP: 1/1
    42 | D        | Found a bloodstained altar of Trog.
    42 | D        | Found a shimmering blue altar of Sif Muna.
    42 | D        | Found a viscous altar of Jiyva.
    42 | D        | Found a hazy altar of Hepliaklqana.
    42 | D        | Found an opulent altar of Gozag.
    43 | D        | Found a glowing golden altar of the Shining One.
    43 | D        | Found a glowing silver altar of Zin.
    43 | D        | Found a basalt altar of Yredelemnul.
    43 | D        | Found a shimmering altar of Xom.
    43 | D        | Found an ornate altar of the Wu Jian Council.
    43 | D        | Found a sacrificial altar of Ru.
    43 | D        | Found a stormy altar of Qazlal.
    43 | D        | Found an iron altar of Okawaru.
    43 | D        | Found a sparkling altar of Nemelex Xobeh.
    43 | D        | Found a burning altar of Makhleb.
    43 | D        | Found a blossoming altar of Fedhas.
    43 | D        | Found a white marble altar of Elyvilon.
    43 | D        | Found a shadowy altar of Dithmenos.
    43 | D        | Found a snail-covered altar of Cheibriados.
    47 | D        | Found a corrupted altar of Lugonu.
    47 | D        | Found a radiant altar of Vehumet.
    48 | D        | Found a broken altar of Ashenzari.
    48 | D        | Found an ancient bone altar of Kikubaaqudgha.
    48 | D        | Found a hide-covered altar of Uskayaw.
    50 | D        | Became a worshipper of Gozag Ym Sagoz the Greedy
   205 | D        | Reached XP level 2. HP: 23/23 MP: 2/2
   386 | D        | Reached skill level 4 in Unarmed Combat
   395 | D        | Reached XP level 3. HP: 7/28 MP: 3/3
   681 | D        | Noticed a floating eye
   681 | D        | Noticed Edmund
   681 | D        | Noticed a scorpion
   696 | D        | Reached skill level 5 in Unarmed Combat
   696 | D        | Reached skill level 5 in Shapeshifting
   723 | D        | Paralysed by a floating eye for 3 turns
   728 | D        | Killed a floating eye
   729 | D        | Reached skill level 7 in Unarmed Combat
   729 | D        | Reached XP level 4. HP: 36/36 MP: 4/4
   729 | D        | Reached XP level 5. HP: 41/41 MP: 5/5
   739 | D        | Killed Edmund
   740 | D        | Reached skill level 5 in Dodging
   740 | D        | Reached skill level 8 in Unarmed Combat
   740 | D        | Reached XP level 6. HP: 35/51 MP: 6/6
   744 | D        | Reached skill level 1 in Stealth
   744 | D        | Reached skill level 9 in Unarmed Combat
  1032 | D        | Noticed a troll
  1037 | D        | Killed a troll
  1038 | D        | Reached skill level 10 in Unarmed Combat
  1038 | D        | Your scales start taking on an icy white colour.
  1038 | D        | Reached XP level 7. HP: 43/59 MP: 7/7
  1038 | D        | Gained mutation: Your flesh is cold resistant. (rC+) [White
                  | Draconian growth]
  1336 | D        | Reached skill level 11 in Unarmed Combat
  1646 | D        | Noticed a dream sheep
  1646 | D        | Noticed a dream sheep
  1646 | D        | Noticed a dream sheep
  1646 | D        | Noticed a dream sheep
  1646 | D        | Noticed a komodo dragon
  1646 | D        | Noticed a dream sheep
  1655 | D        | Killed a dream sheep
  1657 | D        | Killed a dream sheep
  1658 | D        | Reached skill level 5 in Fighting
  1658 | D        | Reached skill level 12 in Unarmed Combat
  1658 | D        | Reached XP level 8. HP: 68/68 MP: 8/8
  1662 | D        | Annihilated by a komodo dragon

Illustrated notes

Levels and vault maps discovered:
D:        pitsprint [storerooms_1, entrance_room_1, metal_vault_3, armoury_2,
          mini_pit_1, grid_room_1, main_hall_1, silver_pit, the_coven_1,
          the_vestibule_1, steel_vault_4, golden_pit, hallway_of_sentries,
          crystal_vault_2, iron_vault_3, final_vault]

Skill      XL: |  1  2  3  4  5  6  7 |
---------------+----------------------+-----
Dodging        | 2 4 5 6 7 |  7.0
Unarmed Combat | 4 7 8 10 12 | 12.2
Shapeshifting  | 4 6 7 8 |  8.5
Fighting       | 2 3 4 5 |  5.1
Stealth        | 1 2 |  2.6

Action                     |  1- 3 |  4- 6 |  7- 9 || total
---------------------------+-------+-------+-------++-------
  Melee: Unarmed           |    43 |    25 |    17 ||    85
         Tailslap          |     4 |     2 |     1 ||     7
         Punch             |       |     1 |       ||     1
Ability: Breathe Frost     |       |       |     1 ||     1
    Use: Potion            |     1 |     1 |     1 ||     3
 Armour: Skin              |    20 |     1 |     2 ||    23
  Dodge: Dodged            |    35 |     9 |     8 ||    52

Table legend: (Time is in decaauts)
 A = Elapsed time spent in this place.
 B = Non-inter-level travel time spent in this place.
 C = Inter-level travel time spent in this place.
 D = Time resting spent in this place.
 E = Time spent auto-exploring this place.
 F = Levels seen in this place.
 G = Mean time per level.
                   A        B        C        D        E       F      G
               +--------+--------+--------+--------+--------+-----+--------+
         Total |   1665 |   1644 |     21 |   1341 |      0 |   1 | 1665.0 |
       Dungeon |   1665 |   1644 |     21 |   1341 |      0 |   1 | 1665.0 |
               +--------+--------+--------+--------+--------+-----+--------+

Top non-repeatable levels by time:
       D: 1665 daAuts
